 Dungeon Crawl Stone Soup version 0.30.0 (webtiles) character file.

Game seed: 8297170908115629421

6742 comradetweed the Cleaver (level 10, -5/88 HPs)
             Began as a Demonspawn Fighter on Oct 10, 2023.
             Was an Initiate of Gozag.
             Slain by a fire crab (8 damage)
             ... on level 10 of the Dungeon.
             The game lasted 00:17:21 (8962 turns).

comradetweed the Cleaver (Demonspawn Fighter)       Turns: 8962, Time: 00:17:22

Health: -5/88      AC: 17    Str: 24 (25) XL:     10   Next: 75%
Magic:  10/10      EV: 10    Int: 11 (12) God:    Gozag
Gold:   1046       SH:  4    Dex: 12      Spells: 9/9 levels left

rFire   . . .        a - +0 war axe
rCold   + . .        c - +0 buckler
rNeg    . . .        w - +1 chain mail {Will+}
rPois   .            (no helmet)
rElec   .            (no cloak)
rCorr   .            H - +0 pair of gloves "Leiru" {rC+ Will+ Int+4}
SInv    .            A - +2 pair of boots {Fly}
Will    +++..        (no amulet) Stlth
                     F - +4 ring of slaying
HPRegen 0.34/turn    r - ring of willpower
MPRegen 0.12/turn

%: no passive effects
@: flying
A: hooves 1, rugged brown scales 2, demonic guardian 1, spiny 2, robust 1,
strong 1, MP-powered wands
a: Renounce Religion, Potion Petition, Call Merchant, Bribe Branch


You were on level 10 of the Dungeon.
You worshipped Gozag.
Gozag was most pleased with you.
You visited 1 branch of the dungeon, and saw 10 of its levels.

You collected 1919 gold pieces.
You spent 848 gold pieces at shops.
You paid 25 gold pieces to Gozag.

Inventory:

Hand Weapons
 a - a +0 war axe (weapon)
 j - a +2 morningstar
Missiles
 y - a throwing net (quivered)
Armour
 c - a +0 buckler (worn)
 w - a +1 chain mail of willpower (worn)
 A - a +2 pair of boots of flying (worn)
 H - the +0 pair of gloves "Leiru" (worn) {rC+ Will+ Int+4}
   (You bought it in a shop on level 5 of the Dungeon)

   Int:       It affects your intelligence (+4).
   rC:        It protects you from cold.
   Will:      It increases your willpower.
Jewellery
 p - a ring of flight
 r - a ring of willpower (right hand)
 F - a +4 ring of slaying (left hand)
Wands
 f - a wand of quicksilver (7)
 o - a wand of digging (2)
 D - a wand of mindburst (14)
 G - a wand of iceblast (12)
Scrolls
 b - a scroll of fog {unknown}
 e - 8 scrolls of teleportation {unknown}
 g - 2 scrolls of magic mapping {unknown}
 h - 17 scrolls of identify {unknown}
 k - 3 scrolls of poison {unknown}
 l - 2 scrolls of brand weapon {unknown}
 n - a scroll of fear {unknown}
 t - a scroll of silence {unknown}
 u - 3 scrolls of immolation {unknown}
 v - 2 scrolls of enchant weapon {unknown}
 x - 2 scrolls of torment {unknown}
 z - a scroll of vulnerability {unknown}
 C - 2 scrolls of noise {unknown}
 J - a scroll of enchant armour {unknown}
Potions
 d - 2 potions of might
 i - 3 potions of curing
 m - 2 potions of haste
 q - 6 potions of flight
 s - a potion of lignification {unknown}
 E - a potion of degeneration


   Skills:
 + Level 6.6 Fighting
 - Level 12.0 Axes
 + Level 6.0 Armour
 + Level 5.2 Dodging
 - Level 2.6 Shields


You had 9 spell levels left.
You didn't know any spells.
Your spell library contained the following spells:

 Spells                   Type           Power      Damage    Failure   Level
 Slow                     Hex            0%         N/A       91%         1
 Sublimation of Blood     Necr           0%         N/A       97%         2
 Wereblood                Tmut           0%         N/A       97%         2
 Confusing Touch          Hex            0%         N/A       100%        3
 Gell's Gravitas          Tloc           0%         N/A       100%        3
 Teleport Other           Tloc           0%         N/A       100%        3
 Vampiric Draining        Necr           0%         2d6       100%        3
 Dispersal                Tloc           0%         N/A       100%        6
 Summon Hydra             Summ           0%         N/A       100%        7


Dungeon Overview and Level Annotations

Branches:
Dungeon (10/15)            Temple (0/1) D:7            Lair (0/5) D:10
    Orc (0/2) D:10

Altars:
Gozag
Hepliaklqana
Makhleb
Nemelex Xobeh
Qazlal
Ru
Uskayaw
Yredelemnul

Shops:
D:2 *   D:5 [(==:   D:9 [


Innate Abilities, Weirdness & Mutations

You have large cloven feet.
You are mostly covered in rugged brown scales. (AC +2, +5% HP)
A weak demonic guardian rushes to your aid.
You are mostly covered in sharp spines.
You are robust. (+10% HP)
Your muscles are strong. (Str +4, Int/Dex -1)
You expend magic power (3 MP) to strengthen your wands.


Message History

You now have 1046 gold pieces (gained 4).
You feel yourself speed up.
You reach down and open the door.
There is an open door here.
Found a stone staircase leading down.
Found a staircase to the Lair.
A fire crab comes into view.
A fire crab is nearby!
The fire crab breathes flames at you.
The blast of flame engulfs you but does no damage.
You are engulfed in blazing flames.
The fire crab breathes flames at you.
The blast of flame engulfs you but does no damage.
You are engulfed in blazing flames.
The fire crab breathes flames at you.
The blast of flame engulfs you but does no damage.
You are engulfed in blazing flames.
Found a scroll labelled QUSIFFIHOUPO.
The fire crab misses you.
The fire crab claws you but does no damage.
You slash the fire crab!
The fire crab is lightly wounded.
The fire crab bites you.
You are engulfed in flames!
The fire crab claws you but does no damage.
You slash the fire crab!
The fire crab is moderately wounded.
The fire crab breathes flames at you. The blast of flame engulfs you!
* * * LOW HITPOINT WARNING * * *
You hit the fire crab but do no damage.
The fire crab is moderately wounded.
You are engulfed in blazing flames.
* * * LOW HITPOINT WARNING * * *
You block the fire crab's attack. The fire crab closely misses you.
You feel better.
You are engulfed in blazing flames.
* * * LOW HITPOINT WARNING * * *
A demonic guardian appears!
The fire crab bites you.
* * * LOW HITPOINT WARNING * * *
You are engulfed in flames!
You die...
Your body crumbles into a pile of gold.

.....######.°......####
.....#......#°..........
.....'.########...≈.≈§..
.....### #..≈§≈≈≈≈.
'##### #..≈≈..≈.. .#
#.≈≈.>≈≈≈. .#
##.≈°°§≈§≈. .#
#°°°t≈§≈≈.. .#
#.°@°≈≈...? .#
#..°5°§..... .#
#......##.## .#
##......# . .#
##.......## .##
#####......... ..#
#............## #.#
#.........#### #.#
#.........#


You could see a fire crab (ally target) and a friendly quasit (summoned).

Vanquished Creatures
  Lodul (D:10)
  Pikel (D:8)
  Joseph (D:7)
  A gargoyle (D:10)
  A hornet (D:7)
  Grinder (D:6)
  A troll (D:10)
  2 wraiths
  A yak (D:9)
  3 wyverns
  Menkaure (D:5)
  An acid dragon (D:9)
  3 water moccasins
  3 orc warriors
  A black bear (D:7)
  3 centaurs
  7 ogres (D:10)
  A lemure (D:8)
  3 kobold brigands
  A gnoll sergeant (D:10)
  2 bullfrogs (D:7)
  9 wights (D:9)
  5 howler monkeys
  A hound (D:6)
  A jelly (D:2)
  3 orc priests
  An iguana (D:6)
  11 orc wizards
  5 gnolls (D:10)
  6 adders
  3 shadow imps
  4 white imps
  An ufetubus (D:4)
  3 worms
  4 dart slugs
  32 orcs
  9 ball pythons
  5 endoplasms
  3 giant cockroaches
  7 goblins
  4 hobgoblins
  2 jackals (D:5)
  5 quokkas
  5 bats
  3 frilled lizards (D:1)
  15 kobolds
  8 rats
  A bush (D:5)
195 creatures vanquished.

Vanquished Creatures (collateral kills)
  A wyvern (D:9)
  An orc (D:9)
2 creatures vanquished.

Vanquished Creatures (others)
  A wight (D:9)
1 creature vanquished.

Grand Total: 198 creatures vanquished

Notes
Turn   | Place    | Note
-------+----------+-------------------------------------------
     0 | D:1      | comradetweed the Demonspawn Fighter began the quest for the
                  | Orb.
     0 | D:1      | Reached XP level 1. HP: 18/18 MP: 1/1
    56 | D:1      | Reached skill level 2 in Axes
   178 | D:1      | Gained mutation: You are partially covered in rugged brown
                  | scales. (AC +1, +3% HP) [demonic ancestry]
   178 | D:1      | Reached XP level 2. HP: 12/24 MP: 2/2
   562 | D:1      | Reached skill level 3 in Axes
   837 | D:2      | Gained mutation: You have large cloven feet. [demonic
                  | ancestry]
   837 | D:2      | Reached XP level 3. HP: 12/29 MP: 3/3
   922 | D:2      | Found a faded altar of an unknown god.
  1027 | D:2      | Found Jusoh's General Store.
  1044 | D:2      | Bought a potion of curing for 39 gold pieces
  1077 | D:2      | Reached skill level 4 in Axes
  1077 | D:2      | Reached XP level 4. HP: 15/36 MP: 4/4
  1722 | D:3      | Identified the +11 short sword "Razyan" {flame, rElec rCorr
                  | Int+3 Dex-4}
  1868 | D:3      | Found an opulent altar of Gozag.
  1875 | D:3      | Found a sparkling altar of Nemelex Xobeh.
  1878 | D:3      | Found a hazy altar of Hepliaklqana.
  1880 | D:3      | Found a basalt altar of Yredelemnul.
  2152 | D:3      | Became a worshipper of Gozag Ym Sagoz the Greedy
  2757 | D:4      | Gained mutation: You are partially covered in sharp spines.
                  | [demonic ancestry]
  2757 | D:4      | Reached XP level 5. HP: 36/42 MP: 5/5
  2921 | D:5      | Entered Level 5 of the Dungeon
  2929 | D:5      | Reached skill level 5 in Axes
  3001 | D:5      | Found Cuutaxih's Jewellery Shoppe.
  3087 | D:5      | Found Fyutwu's Book Boutique.
  3143 | D:5      | Identified the +3 buckler of Gravity {rCorr Int-5 SInv}
  3334 | D:5      | Noticed a centaur
  3356 | D:5      | Reached XP level 6. HP: 26/48 MP: 6/6
  3617 | D:5      | Found Cuqah's Jewellery Boutique.
  3872 | D:5      | Reached skill level 6 in Axes
  3984 | D:5      | Found Digaeh's Antique Weapon Shop.
  4013 | D:5      | Noticed Menkaure
  4016 | D:5      | Killed Menkaure
  4017 | D:5      | Reached skill level 7 in Axes
  4017 | D:5      | Reached XP level 7. HP: 53/53 MP: 7/7
  4090 | D:5      | Found Huholozu's Armour Shoppe.
  4098 | D:5      | Bought a +2 pair of boots of flying for 322 gold pieces
  4516 | D:6      | Noticed Grinder
  4524 | D:6      | Reached skill level 8 in Axes
  4548 | D:6      | Killed Grinder
  4549 | D:6      | Gained mutation: You are mostly covered in sharp spines.
                  | [demonic ancestry]
  4549 | D:6      | Reached XP level 8. HP: 54/59 MP: 8/8
  4668 | D:6      | Reached skill level 9 in Axes
  4674 | D:6      | Found a hide-covered altar of Uskayaw.
  5005 | D:7      | Found a staircase to the Ecumenical Temple.
  5168 | D:7      | Reached skill level 10 in Axes
  5234 | D:7      | Identified the +5 robe "Fygh" {rF+ rCorr Int+8 Stlth-}
  5247 | D:7      | Noticed Joseph
  5258 | D:7      | Killed Joseph
  5508 | D:7      | Noticed a hornet
  5513 | D:7      | Killed a hornet
  5514 | D:7      | Reached skill level 11 in Axes
  5514 | D:7      | Gained mutation: A weak demonic guardian rushes to your
                  | aid. [demonic ancestry]
  5514 | D:7      | Reached XP level 9. HP: 64/64 MP: 9/9
  5649 | D:7      | Found a sacrificial altar of Ru.
  5821 | D:8      | Found a burning altar of Makhleb.
  6399 | D:5      | Bought the +0 pair of gloves "Leiru" {rC+ Will+ Int+4} for
                  | 487 gold pieces
  6995 | D:8      | Noticed Pikel
  7013 | D:8      | Killed Pikel
  7014 | D:8      | Reached skill level 12 in Axes
  7261 | D:9      | Found Raid's Antique Armour Boutique.
  7273 | D:9      | Reached skill level 1 in Dodging
  7495 | D:9      | Gained mutation: Your muscles are strong. (Str +4, Int/Dex
                  | -1) [potion of mutation]
  7495 | D:9      | Gained mutation: You expend magic power (3 MP) to
                  | strengthen your wands. [potion of mutation]
  7495 | D:9      | Gained mutation: You are robust. (+10% HP) [potion of
                  | mutation]
  7520 | D:9      | Gained mutation: You are mostly covered in rugged brown
                  | scales. (AC +2, +5% HP) [demonic ancestry]
  7520 | D:9      | Reached XP level 10. HP: 16/80 MP: 10/10
  7544 | D:9      | HP: 1/80 [wyvern (10)]
  8013 | D:9      | Reached skill level 5 in Fighting
  8032 | D:9      | Found a stormy altar of Qazlal.
  8197 | D:10     | Entered Level 10 of the Dungeon
  8353 | D:10     | Found a staircase to the Orcish Mines.
  8376 | D:10     | Reached skill level 5 in Armour
  8563 | D:10     | Noticed a gargoyle
  8575 | D:10     | Killed a gargoyle
  8651 | D:10     | Noticed Lodul
  8676 | D:10     | Killed Lodul
  8677 | D:10     | Reached skill level 5 in Dodging
  8949 | D:10     | Found a staircase to the Lair.
  8951 | D:10     | Noticed a fire crab
  8962 | D:10     | HP: 3/88 [fire crab (6)]
  8962 | D:10     | Slain by a fire crab

Illustrated notes

Levels and vault maps discovered:
D:1:      scummos_arrival_simple_crosswalls, layout_loops_ring
D:2:      layout_rooms, serial_shops, nicolae_shop_tiny_waterfront,
          dreamdust_ecumenical_altar_statues, serial_park_tiny_pond,
          dreamdust_princess_bridge
D:3:      layout_basic, nicolae_overflow_hallway_of_the_gods
D:4:      layout_basic, nicolae_figureground_pulse
D:5:      layout_gridville, serial_shops, nicolae_shop_real_fake_doors,
          kennysheep_mini_moat, kennysheep_little_box, shop,
          nicolae_shop_overgrown_old_shop, kb_lookout_dungeons_type,
          uniq_menkaure
D:6:      layout_loops_ring, marbit_many_paths, uniq_grinder
D:7:      layout_gridville, nicolae_ru_the_path_less_chosen,
          minmay_temple_entry_stoned_glass, uniq_joseph
D:8:      layout_loops_cross, bloody_makhleb, uniq_pikel
D:9:      layout_rooms, nicolae_qazlal_scattered_showers, serial_shops,
          nicolae_shop_tiny_statue_garden, minmay_fractal_squares_gapless_5
D:10:     layout_roguey, lemuel_zombie_altar_kikubaaqudgha,
          minmay_lair_entry_lava, david_orc_3, serial_shops, shop,
          ebering_ghost_gozag, uniq_maggie, uniq_lodul

Skill      XL: |  1  2  3  4  5  6  7  8  9 10 |
---------------+-------------------------------+-----
Axes           | 2 3 4 5 7 8 11 12 | 12.0
Armour         | 4 6 |  6.0
Dodging        | 3 5 |  5.2
Fighting       | 4 6 |  6.6
Shields        | |  2.6

Action                     |  1- 3 |  4- 6 |  7- 9 | 10-12 || total
---------------------------+-------+-------+-------+-------++-------
  Melee: War axe           |    69 |   113 |   214 |    96 ||   492
         Kick              |     4 |    22 |     2 |       ||    28
  Throw: Throwing net      |       |     2 |       |       ||     2
  Evoke: Wand              |       |     4 |     5 |       ||     9
    Use: Potion            |       |       |     9 |     1 ||    10
   Stab: Distracted        |       |       |     1 |       ||     1
 Armour: Scale mail        |    25 |    51 |       |       ||    76
         Chain mail        |       |     9 |   112 |    42 ||   163
  Dodge: Dodged            |    31 |    54 |    69 |    37 ||   191
  Block: Buckler           |    12 |    29 |    51 |    18 ||   110
